 Dungeon Crawl Stone Soup version 0.19.1-1-g22dce08 (webtiles) character file.

1668 galech the Covered (level 8, 0/78 HPs)
             Began as a Deep Dwarf Fighter on Dec 28, 2016.
             Succumbed to a wight's poison
             ... on level 7 of the Dungeon.
             The game lasted 00:14:54 (5571 turns).

galech the Covered (Deep Dwarf Fighter)             Turns: 5571, Time: 00:14:55

Health: 0/78       AC: 11    Str: 21    XL:     8   Next: 69%
Magic:  4/4        EV:  6    Int:  9    God:
Gold:   330        SH:  8    Dex: 18    Spells: 0 memorised, 7 levels left

rFire  . . .     SeeInvis .     a - +0 war axe
rCold  . . .     Gourm    .     b - +0 scale mail
rNeg   . . .     Faith    .     c - +0 shield
rPois  .         Spirit   .     F - +0 helmet
rElec  .         Reflect  .     z - +2 cloak
rCorr  +         Harm     .     (no gloves)
MR     +....                    (no boots)
Stlth  ..........               (no amulet)
                                G - +5 ring of dexterity
                                y - ring of resist corrosion

@: lethally poisoned (0 -> -41), non-regenerating, very heavily drained
A: damage resistance, recharge devices, sense surroundings 1, slow regeneration
3
a: Device Recharging


You were on level 7 of the Dungeon.
You were hungry.

You visited 1 branch of the dungeon, and saw 7 of its levels.
You also visited: Sewer.

You collected 330 gold pieces.

Inventory:

Hand Weapons
 a - a +0 war axe (weapon)
Armour
 b - a +0 scale mail (worn)
 c - a +0 shield (worn)
 z - a +2 cloak (worn)
 F - a +0 helmet (worn)
Jewellery
 y - a ring of resist corrosion (left hand)
 D - an uncursed ring of protection from magic
 G - a +5 ring of dexterity (right hand)
 H - a +3 ring of protection {unknown}
Wands
 e - a wand of heal wounds (0/9)
Scrolls
 h - 9 scrolls of teleportation
 o - 3 scrolls of identify {unknown}
 p - a scroll of recharging {unknown}
 r - 9 scrolls of remove curse {unknown}
 s - 2 scrolls of enchant weapon {unknown}
 v - a scroll of enchant armour {unknown}
 w - a scroll of magic mapping {unknown}
 x - 2 scrolls of immolation {unknown}
 C - 2 scrolls of noise {unknown}
Potions
 d - a potion of might
 i - 8 potions of curing {unknown}
 k - a potion of magic {unknown}
 l - a potion of cure mutation {unknown}
 m - 3 potions of brilliance {unknown}
 n - 2 potions of cancellation {unknown}
 q - a potion of mutation {unknown}
 B - a potion of heal wounds {unknown}
 E - 5 potions of flight
Comestibles
 f - 6 bread rations
 g - 4 meat rations
 t - a slice of pizza
 u - 2 beef jerkies
 A - 2 fruits


   Skills:
 + Level 6.4(2.4) Fighting
 + Level 7.1(3.0) Axes
 + Level 7.8(3.6) Armour
 - Level 3.4(0.0) Shields


You had 7 spell levels left.
You didn't know any spells.

Dungeon Overview and Level Annotations

Branches:
Dungeon (7/15)
 Temple: D:4-7

Altars:
Cheibriados
Gozag
Ru
Zin

Shops:
D:6 %


Innate Abilities, Weirdness & Mutations

You are resistant to damage.
You can recharge devices by infusing magical energy.
You passively map a small area around you.
You do not regenerate.


Message History

You closely miss the wight. You barely miss the wight.
You hit the wight but do no damage.
You feel very sick.
The wight hits you with a halberd of venom!
* * * LOW HITPOINT WARNING * * *
You feel drained.
You are more poisoned.
The wight hits you with a halberd.
* * * LOW HITPOINT WARNING * * *
You feel drained. You block the wight's attack. x2
Unknown command.
* * * LOW HITPOINT WARNING * * *
You feel very sick. The wight closely misses you. You block the wight's attack.
The wight hits you with an enchanted short sword.
* * * LOW HITPOINT WARNING * * *
You block the wight's attack.
* * * LOW HITPOINT WARNING * * *
You feel very sick.
You die...

####### ###
####.....### ##
#..###..........######.
#..............(.......
##......############...
###..### #### #...##
##.@$## ##..z## ##z..##
** * ##.zz# ##....# ,
,, #........ *
##.....!. * , * ......<
,.......


You could see 4 wights.

Vanquished Creatures
  Grinder (D:5)
  Sigmund (D:6)
  An ogre (D:6)
  A phantom (D:5)
  A bullfrog (D:5)
  A gnoll sergeant (D:6)
  A scorpion (D:4)
  A howler monkey (D:4)
  2 crimson imps
  A bullfrog zombie (D:6)
  A centaur zombie (D:6)
  2 orc priests
  Crazy Yiuf (D:3)
  3 orc wizards
  Natasha (thrice) (D:3)
  An iguana (D:5)
  5 worker ants
  A siren (Sewer)
  A merfolk avatar (Sewer)
  3 gnolls (D:6)
  6 river rats
  10 adders
  4 shadow imps
  An adder skeleton (D:5)
  3 worms (D:4)
  2 dart slugs
  6 leopard geckos
  17 orcs
  7 ball pythons
  3 giant cockroaches
  9 goblins
  4 hobgoblins
  15 jackals
  7 bats
  10 frilled lizards
  A jackal skeleton (D:7)
  6 kobolds
  2 leopard gecko skeletons
  29 rats
174 creatures vanquished.

Notes
Turn   | Place    | Note
-------+----------+-------------------------------------------
     0 | D:1      | galech the Deep Dwarf Fighter began the quest for the Orb.
     0 | D:1      | Reached XP level 1. HP: 20/20 MP: 1/1
    61 | D:1      | Reached XP level 2. HP: 27/27 MP: 2/2
   962 | D:2      | Reached XP level 3. HP: 27/34 MP: 3/3
  1155 | D:2      | Found a glowing silver altar of Zin.
  1232 | D:2      | Found a sacrificial altar of Ru.
  1417 | D:2      | Reached XP level 4. HP: 29/42 MP: 4/4
  1490 | D:2      | Found a snail-covered altar of Cheibriados.
  1492 | D:2      | Found an opulent altar of Gozag.
  1920 | D:3      | Noticed Natasha
  1928 | D:3      | Killed Natasha
  1934 | D:3      | Noticed Natasha
  1948 | D:3      | Killed Natasha
  1948 | D:3      | Reached XP level 5. HP: 20/49 MP: 5/5
  2476 | D:3      | Found a runed door.
  2684 | D:3      | Noticed Natasha
  2689 | D:3      | Killed Natasha
  2789 | D:3      | Noticed Crazy Yiuf
  2795 | D:3      | Killed Crazy Yiuf
  2795 | D:3      | Reached skill level 5 in Armour
  3009 | D:4      | Reached XP level 6. HP: 48/57 MP: 5/5
  3361 | D:5      | Entered Level 5 of the Dungeon
  3825 | D:5      | Reached skill level 5 in Axes
  3825 | D:5      | Reached XP level 7. HP: 21/66 MP: 6/6
  3953 | D:5      | Reached skill level 5 in Fighting
  4026 | D:5      | Noticed Grinder
  4050 | D:5      | Killed Grinder
  4182 | D:5      | Reached XP level 8. HP: 65/75 MP: 4/4
  4217 | D:6      | Found Zadwipug's Food Emporium.
  4426 | D:6      | Noticed Sigmund
  4438 | D:6      | Killed Sigmund
  4795 | D:6      | Found a glowing drain.
  4803 | Sewer    | Entered a sewer
  5571 | D:7      | Succumbed to a wight's poison

Skill      XL: |  1  2  3  4  5  6  7  8 |
---------------+-------------------------+-----
Fighting       | 3 4 5 6 |  6.4
Armour         | 4 5 6 7 |  7.8
Axes           | 3 4 5 6 7 |  7.1
Shields        | |  3.4

Action                   |  1- 3 |  4- 6 |  7- 9 || total
-------------------------+-------+-------+-------++-------
Melee: War axe           |   118 |   212 |   263 ||   593
 Abil: Device Recharging |       |     1 |     3 ||     4
Evoke: Wand              |       |     7 |    11 ||    18
  Eat: Chunk             |     2 |     7 |     4 ||    13
       Royal jelly       |       |     1 |       ||     1
       Fruit             |       |       |     1 ||     1
Armor: Scale mail        |    76 |    69 |   121 ||   266
Dodge: Dodged            |    50 |    71 |    76 ||   197
Block: Shield            |    76 |   111 |   150 ||   337
